 Dungeon Crawl Stone Soup version 0.20-a0-256-gabb291d (webtiles) character file.

29 KristoblXynda the Stinger (level 3, -1/26 HPs)
             Began as a Draconian Venom Mage on Dec 2, 2016.
             Hit by a stone thrown by a hobgoblin (5 damage)
             ... on level 1 of the Dungeon.
             The game lasted 00:01:55 (680 turns).

KristoblXynda the Stinger (Draconian Venom Mage)     Turns: 680, Time: 00:01:56

Health: -1/26      AC:  5    Str:  8 (10) XL:     3   Next: 1%
Magic:  0/6        EV: 12    Int: 15 (16) God:
Gold:   37         SH:  0    Dex:  9 (11) Spells: 5/6 levels left

rFire  . . .     SeeInvis .     (no weapon)
rCold  . . .     Gourm    .     (armour unavailable)
rNeg   . . .     Faith    .     (no shield)
rPois  .         Spirit   .     (helmet restricted)
rElec  .         Reflect  .     (no cloak)
rCorr  .         Harm     .     (no gloves)
MR     .....                    (no boots)
Stlth  ++........               (no amulet)
                                (no ring)
                                (no ring)

@: very slightly contaminated
A: unfitting armour, cold-blooded, AC +5
a: no special abilities


You were on level 1 of the Dungeon.
You were not hungry.

You visited 1 branch of the dungeon, and saw 1 of its levels.

You collected 37 gold pieces.

Inventory:

Scrolls
 c - a scroll of teleportation {unknown}
 d - a scroll of noise {unknown}
 e - a scroll of fog {unknown}
 f - a scroll of fear {unknown}
Books
 a - a Young Poisoner's Handbook

   Spells                             Type                      Level
   a - Sting                          Conjuration/Poison           1
   b - Mephitic Cloud                 Conjuration/Poison/Air       3
   c - Olgreb's Toxic Radiance        Poison                       4
   d - Alistair's Intoxication        Transmutation/Poison         5
   e - Venom Bolt                     Conjuration/Poison           5
Comestibles
 b - a bread ration


   Skills:
 - Level 1.7 Dodging
 - Level 1.7 Stealth
 + Level 2.3 Spellcasting
 + Level 1.3 Conjurations
 + Level 4.4 Poison Magic


You had 5 spell levels left.
You knew the following spells:

 Your Spells              Type           Power        Failure   Level  Hunger
a - Sting                 Conj/Pois      ##..         10%         1    #......


Dungeon Overview and Level Annotations

Branches:
Dungeon (1/15)

Altars:
Trog


Innate Abilities, Weirdness & Mutations

Your plain brown scales are hard. (AC +5)
You cannot fit into any form of body armour.
You are cold-blooded and may be slowed by cold attacks.


Message History

You closely miss the hobgoblin.
The hobgoblin is lightly wounded.
The hobgoblin hits you but does no damage.
You closely miss the hobgoblin.
The hobgoblin is lightly wounded.
The hobgoblin hits you with a club.
* * * LOW HITPOINT WARNING * * *
You hit the hobgoblin but do no damage.
The hobgoblin is lightly wounded.
The hobgoblin hits you with a club.
* * * LOW HITPOINT WARNING * * *
Casting: Sting
Confirm with . or Enter, or press ? or * to list all spells.
Aiming: Sting
Press: ? - help, Shift-Dir - straight line, f/p - hobgoblin
Aim: a hobgoblin, wielding a club (lightly wounded)
The sting hits the hobgoblin.
The hobgoblin is heavily wounded.
The hobgoblin throws a stone.
The stone hits you.
You die...

#..# #.# ##...
###..###.### # #.
..........# #.
#..#...#.######
#.g#.#.........
#.(..###.#....#
##..##...###...
#.########.......[#..#)
#..>..@.g..(#.._..#..#.
#########.((#(.......#)
#..###...##..#†
#....#.###...#.
#....... #.#(#.
########..(#.#. ####.#.
.## # #.


You could see a hobgoblin.

Vanquished Creatures
  An ooze (D:1)
  2 dart slugs (D:1)
  4 bats (D:1)
  A goblin (D:1)
  4 hobgoblins (D:1)
  2 jackals (D:1)
  2 kobolds (D:1)
  5 rats (D:1)
21 creatures vanquished.

Notes
Turn   | Place    | Note
-------+----------+-------------------------------------------
     0 | D:1      | KristoblXynda the Draconian Venom Mage began the quest for the Orb.
     0 | D:1      | Reached XP level 1. HP: 14/14 MP: 3/3
   175 | D:1      | Reached XP level 2. HP: 15/20 MP: 0/5
   206 | D:1      | Found a bloodstained altar of Trog.
   259 | D:1      | Reached skill level 1 in Conjurations
   275 | D:1      | HP: 1/20 [jackal (3)]
   669 | D:1      | Reached XP level 3. HP: 8/26 MP: 2/6
   680 | D:1      | Hit by a stone thrown by a hobgoblin

Vault maps used:
D:1:      wheals_arrival_shading, minmay_hexomino_r4

Skill      XL: |  1  2 |
---------------+-------+-----
Conjurations   | 1 |  1.3
Dodging        | |  1.7
Stealth        | |  1.7
Spellcasting   | |  2.3
Poison Magic   | |  4.4

Action                   || total
-------------------------++-------
Melee: Unarmed           ||    94
       Tailslap          ||     7
 Cast: Sting             ||    24
  Use: Potion            ||     2
 Stab: Sleeping          ||     1
Armor: Skin              ||    34
Dodge: Dodged            ||    63
